 Dungeon Crawl Stone Soup version 0.30-a0-390-g80c34de65d (webtiles) character file.

Game seed: 3928912193897015409

2590 Guilgua the Cudgeller (level 9, 0/46 HPs)
             Began as a Vine Stalker Fighter on Dec 4, 2022.
             Was an Elder of Fedhas.
             Slain by a gnoll sergeant
             ... wielding a +1 trident of venom
              (5 damage)
             ... on level 9 of the Dungeon.
             The game lasted 00:55:01 (5935 turns).

Guilgua the Cudgeller (Vine Stalker Fighter)        Turns: 5935, Time: 00:55:02

Health: 0/46       AC:  9    Str: 27    XL:     9   Next: 58%
Magic:  0/10       EV:  8    Int: 11    God:    Fedhas [****..]
Gold:   315        SH: 10    Dex: 13    Spells: 8/8 levels left

rFire   + + .      SeeInvis .    C - +9 hammer of Compassion {venom, rC+ Str+3 Int+3}
rCold   + + .      Faith    .    c - +0 buckler
rNeg    . . .      Spirit   +    m - +0 chain mail
rPois   .          Reflect  +    (no helmet)
rElec   .          Harm     .    Q - scarf {rC+ rF+}
rCorr   .          Rampage  .    (no gloves)
Will    +....                    (no boots)
Stlth   ..........               w - amulet of reflection
HPRegen 1.07/turn                f - ring of protection from cold
MPRegen 0.12/turn                t - ring of fire

@: no status effects
A: fangs 3, regeneration 1, magic shield, antimagic bite, no potion heal 2
a: Renounce Religion, Wall of Briars, Grow Ballistomycete, Overgrow


You were on level 9 of the Dungeon.
You worshipped Fedhas.
Fedhas was greatly pleased with you.
You visited 1 branch of the dungeon, and saw 9 of its levels.

You collected 371 gold pieces.
You spent 56 gold pieces at shops.

Inventory:

Hand Weapons
 a - a +1 war axe of chaos
 i - a +0 dagger
 l - a +0 mace
 n - a +0 spear
 q - a +2 dagger of protection
 r - a +0 vampiric hand axe
 y - a +0 giant spiked club
 z - a +0 whip
 A - a +4 quarterstaff of chaos
 C - the +9 hammer of Compassion (weapon) {venom, rC+ Str+3 Int+3}
   (You found it on level 3 of the Dungeon)

   It poisons the flesh of those it strikes.
   Str:       It affects your strength (+3).
   Int:       It affects your intelligence (+3).
   rC:        It protects you from cold.
 G - a +2 whip of flaming
 K - a +0 spectral quarterstaff
Missiles
 j - 92 stones
 I - 5 silver javelins
Armour
 b - a +0 scale mail
 c - a +0 buckler (worn)
 h - a +0 leather armour
 m - a +0 chain mail (worn)
 B - a +0 cloak
 H - a +0 ring mail
 P - a +3 leather armour
 Q - a scarf of resistance (worn)
 V - a +0 scale mail
Magical Staves
 T - a staff of cold
Jewellery
 f - a ring of protection from cold (left hand)
 t - a ring of fire (right hand)
 w - an amulet of reflection (around neck)
 E - an amulet of faith
 U - a ring of resist corrosion
Wands
 u - a wand of paralysis (5) (quivered)
 R - a wand of quicksilver (4)
Scrolls
 g - 3 scrolls of brand weapon
 L - 2 scrolls of teleportation
 N - a scroll of identify
 O - a scroll of silence {unknown}
 S - a scroll of poison
Potions
 d - 3 potions of might
 k - 3 potions of flight
 o - 2 potions of resistance
 p - a potion of berserk rage
 s - 2 potions of mutation {unknown}
 v - 2 potions of haste
 x - a potion of brilliance
 D - 2 potions of attraction {unknown}
 F - a potion of magic {unknown}
 J - 2 potions of heal wounds {unknown}
 M - a potion of cancellation {unknown}


   Skills:
 + Level 4.8 Fighting
 + Level 3.7(5.7) Axes
 + Level 6.7(7.2) Maces & Flails
 + Level 5.2 Armour
 + Level 1.7 Dodging
 + Level 1.3 Stealth
 + Level 5.7 Shields
 + Level 0.4 Invocations
 + Level 0.7 Evocations


You had 8 spell levels left.
You didn't know any spells.
Your spell library contained the following spells:

 Spells                   Type           Power      Damage    Failure   Level
 Beastly Appendage        Tmut           0%         N/A       94%         1
 Necrotise                Necr           0%         1d4       94%         1
 Shock                    Conj/Air       0%         1d3       94%         1
 Cigotuvi's Dreadful Rot  Necr/Pois/Air  0%         N/A       98%         2
 Wereblood                Tmut           0%         N/A       98%         2
 Ozocubu's Armour         Ice            0%         N/A       100%        3
 Portal Projectile        Hex/Tloc       0%         N/A       100%        3
 Spider Form              Tmut/Pois      0%         N/A       100%        3
 Swiftness                Air            0%         N/A       100%        3
 Tukima's Dance           Hex            0%         N/A       100%        3
 Vampiric Draining        Necr           0%         2d6       100%        3
 Airstrike                Air            0%         2d(0-16)  100%        4
 Dispel Undead            Necr           0%         3d6       100%        4
 Agony                    Necr           0%         N/A       100%        5
 Blade Hands              Tmut           0%         N/A       100%        5
 Metabolic Englaciation   Hex/Ice        0%         N/A       100%        5
 Conjure Ball Lightning   Conj/Air       0%         3x3d6     100%        6
 Death Channel            Necr           0%         N/A       100%        6
 Simulacrum               Ice/Necr       0%         N/A       100%        6
 Discord                  Hex            0%         N/A       100%        8
 Disjunction              Tloc           0%         N/A       100%        8


Dungeon Overview and Level Annotations

Branches:
Dungeon (9/15)             Temple (0/1) D:4
   Lair: D:8-11         Orc: D:9-12

Altars:
Fedhas
Kikubaaqudgha
Xom
Yredelemnul

Shops:
D:7 [   D:9 *

Portals:
Sewer: D:6

Annotations:
D:3 1 runed translucent door, initializr's ghost, amateur AtCj
D:6 1 transporter


Innate Abilities, Weirdness & Mutations

You have razor-sharp teeth.
Your natural rate of healing is unusually fast.
When hurt, damage is shared between your health and your magic reserves.
Your bite disrupts and absorbs the magic of your enemies.
Potions cannot restore your health.


Message History

Fedhas appreciates your contribution to the ecosystem.
The gnoll closely misses you.
The gnoll sergeant hits you from afar with a +1 trident of venom.
You are poisoned.
The gnoll hits you from afar with a +0 spear.
You feel very sick.
You feel very sick. You block the gnoll's attack. x2
You barely miss the gnoll.
You feel sick. You block the gnoll's attack.
The gnoll sergeant hits you from afar with a +1 trident of venom.
The gnoll closely misses you.
You sock the gnoll!
The gnoll is poisoned.
The gnoll is almost dead.
You feel sick.
You kill the gnoll!
Fedhas appreciates your contribution to the ecosystem.
The gnoll hits you from afar with a +0 spear.
The gnoll sergeant hits you from afar with a +1 trident of venom.
You are more poisoned.
You sock the gnoll!
The gnoll is heavily wounded.
You feel very sick. The gnoll barely misses you. You block the gnoll's attack.
The gnoll sergeant hits you from afar with a +1 trident of venom!
* * * LOW HITPOINT WARNING * * *
You are lethally poisoned!
* * * LOW HITPOINT WARNING * * *
You feel extremely sick.
Your system rejects the healing.
You feel better. You block the gnoll's attack.
The gnoll sergeant hits you from afar with a +1 trident of venom.
You are lethally poisoned!
Your system rejects the healing.
You feel better. The gnoll hits you with a +0 club.
* * * LOW HITPOINT WARNING * * *
You block the gnoll sergeant's attack. The gnoll attacks as you move away!
You block the gnoll's attack.
There is a stone staircase leading up here.
The gnoll sergeant hits you from afar with a +1 trident of venom!
You die...
Fedhas appreciates your contribution to the ecosystem.

..................##
.######.########...# .#
#.# #.#8# .# ####.#####
##.#.#### .#
#........###.8.∩.8.###.
.#
#.##.###.......<.......
.# #.##.#
#####...8.#####.
.###.##.# #.....##
........# ##.@.##
####.#### ##g## #.# #g#
#.# #g# #.# #g# #.# ...
#.# ..... #.# ......:
.........


You could see a gnoll sergeant and 3 gnolls.

Vanquished Creatures
  Pikel (D:4)
  A hornet (D:8)
  A wyvern (D:8)
  A steam dragon (D:8)
  Menkaure (D:4)
  A black bear (D:7)
  2 ice beasts
  An orc warrior (D:8)
  An ogre (D:3)
  A lemure (D:4)
  2 bullfrogs
  2 scorpions (D:5)
  A howler monkey (D:9)
  3 jellies
  A gnoll bouda (D:9)
  4 orc priests
  A hound (D:4)
  4 iguanas
  Crazy Yiuf (D:3)
  Natasha (thrice) (D:4)
  2 orc wizards
  Robin (D:4)
  6 gnolls (D:9)
  4 adders
  A shadow imp (D:7)
  2 worms
  2 dart slugs
  9 orcs
  5 endoplasms
  2 giant cockroaches (D:1)
  13 hobgoblins
  2 jackals (D:1)
  8 kobolds
  7 ball pythons
  6 bats
  2 frilled lizards
  17 goblins
  5 rats (D:1)
127 creatures vanquished.

Vanquished Creatures (collateral kills)
  An ogre (D:4)
  A giant cockroach (D:4)
  A hobgoblin (D:4)
3 creatures vanquished.

Vanquished Creatures (others)
  6 plants
6 creatures vanquished.

Grand Total: 136 creatures vanquished

Notes
Turn   | Place    | Note
-------+----------+-------------------------------------------
     0 | D:1      | Guilgua the Vine Stalker Fighter began the quest for the
                  | Orb.
     0 | D:1      | Reached XP level 1. HP: 11/11 MP: 2/2
   341 | D:1      | Reached XP level 2. HP: 13/16 MP: 1/3
   494 | D:1      | Found a faded altar of an unknown god.
   504 | D:1      | Prayed at the altar of an unknown god.
   504 | D:1      | Became a worshipper of Fedhas Madash
   504 | D:1      | Reached * piety under Fedhas
  1167 | D:2      | Reached XP level 3. HP: 20/20 MP: 4/4
  1313 | D:2      | Reached ** piety under Fedhas
  1771 | D:3      | Noticed an ogre
  2028 | D:3      | Found a runed translucent door.
  2029 | D:3      | Found an ancient bone altar of Kikubaaqudgha.
  2029 | D:3      | Found a basalt altar of Yredelemnul.
  2030 | D:3      | Found a shimmering altar of Xom.
  2076 | D:3      | Noticed initializr's ghost (amateur AtCj)
  2089 | D:3      | Killed an ogre
  2090 | D:3      | Gained mutation: Your natural rate of healing is unusually
                  | fast. [Vine Stalker growth]
  2090 | D:3      | Reached XP level 4. HP: 24/24 MP: 5/5
  2090 | D:3      | Reached XP level 5. HP: 28/28 MP: 6/6
  2240 | D:3      | Found a runed translucent door.
  2241 | D:3      | Noticed Crazy Yiuf
  2250 | D:3      | Killed Crazy Yiuf
  2273 | D:3      | Identified the +9 hammer of Compassion {venom, rC+ Str+3
                  | Int+3}
  2700 | D:4      | Found a staircase to the Ecumenical Temple.
  2759 | D:4      | Noticed an ogre
  2775 | D:4      | Noticed Menkaure
  2776 | D:4      | Noticed Pikel
  2776 | D:4      | Noticed a lemure
  2777 | D:4      | Noticed a lemure
  2777 | D:4      | Noticed a lemure
  2855 | D:4      | Killed an ogre
  2856 | D:4      | Reached XP level 6. HP: 32/32 MP: 3/7
  2889 | D:4      | Noticed Robin
  2895 | D:4      | Killed Robin
  2915 | D:4      | Reached skill level 1 in Stealth
  2954 | D:4      | Killed Menkaure
  2955 | D:4      | Reached skill level 1 in Maces & Flails
  2955 | D:4      | Reached skill level 1 in Dodging
  3004 | D:4      | Reached *** piety under Fedhas
  3116 | D:4      | Reached XP level 7. HP: 37/37 MP: 8/8
  3206 | D:4      | Killed Pikel
  3207 | D:4      | Reached skill level 3 in Maces & Flails
  3207 | D:4      | Gained mutation: You have razor-sharp teeth. [Vine Stalker
                  | growth]
  3207 | D:4      | Reached XP level 8. HP: 41/42 MP: 9/9
  3317 | D:4      | Noticed Natasha
  3334 | D:4      | Killed Natasha
  3419 | D:4      | Noticed Natasha
  3423 | D:4      | Killed Natasha
  3460 | D:4      | Noticed Natasha
  3467 | D:4      | Killed Natasha
  3516 | D:5      | Entered Level 5 of the Dungeon
  3658 | D:5      | Reached skill level 4 in Maces & Flails
  3943 | D:5      | Reached skill level 5 in Maces & Flails
  4117 | D:5      | Reached skill level 5 in Shields
  4504 | D:6      | Found a transporter.
  4604 | D:6      | Found a glowing drain.
  4652 | D:6      | You fall into a shaft and drop 1 floor!
  4818 | D:7      | Found Idduffu's Antique Armour Shop.
  5102 | D:7      | Reached XP level 9. HP: 46/46 MP: 10/10
  5392 | D:8      | Reached skill level 6 in Maces & Flails
  5548 | D:8      | Noticed a hornet
  5558 | D:8      | Killed a hornet
  5559 | D:8      | Reached skill level 5 in Armour
  5785 | D:9      | Reached **** piety under Fedhas
  5854 | D:9      | Found Iqakk's Assorted Antiques.
  5910 | D:9      | Bought a scroll of identify for 56 gold pieces
  5930 | D:9      | HP: 1/46 [poisoned by a gnoll sergeant]
  5935 | D:9      | Slain by a gnoll sergeant

Illustrated notes

Levels and vault maps discovered:
D:1:      lightli_arrival_windingriver, layout_loops_ring,
          shapermc_ecumenical_altar_acropolis, serial_forest,
          infiniplex_forest_clump_small, infiniplex_forest_clump_long,
          infiniplex_forest_straight_3, infiniplex_forest_clump_C
D:2:      layout_basic
D:3:      layout_loops_ring, chequers_temple_overflow_statue_of_worship,
          ebering_ghost_reflecting_pool, uniq_crazy_yiuf_cottage
D:4:      layout_rooms, temple_fountains, minmay_vboxes, uniq_menkaure,
          uniq_natasha, uniq_pikel, uniq_robin
D:5:      layout_loops_corners
D:6:      layout_layer_cave, cheibrodos_sewer_entry_bend,
          gammafunk_ghost_gnarly_gnolls, minmay_stone_trees_medium
D:7:      layout_basic, serial_shops, nicolae_shop_hallway_plus
D:8:      layout_rooms, centaur_isle
D:9:      layout_loops_corners, serial_shops, nicolae_shop_statue_plus,
          uniq_psyche

Skill      XL: |  1  2  3  4  5  6  7  8  9 |
---------------+----------------------------+-----
Fighting       | 3 4 |  4.8
Axes           | 2 3 |  3.7
Shields        | 3 4 5 |  5.7
Armour         | 3 4 5 |  5.2
Stealth        | 1 |  1.3
Maces & Flails | 1 3 5 6 |  6.7
Dodging        | 1 |  1.7
Invocations    | |  0.4
Evocations     | |  0.7

Action                   |  1- 3 |  4- 6 |  7- 9 || total
-------------------------+-------+-------+-------++-------
Melee: War axe           |    99 |     8 |       ||   107
       Bite              |    19 |     9 |    31 ||    59
       Mace              |       |    50 |   119 ||   169
Invok: Wall of Briars    |       |     2 |       ||     2
Evoke: Wand              |     1 |     3 |       ||     4
  Use: Scroll            |     8 |     3 |     4 ||    15
       Potion            |       |     1 |     2 ||     3
 Stab: Paralysed         |     1 |       |       ||     1
Armor: Scale mail        |     8 |       |       ||     8
       Chain mail        |    44 |    24 |    38 ||   106
Dodge: Dodged            |    31 |    21 |    31 ||    83
Block: Buckler           |    19 |    37 |    67 ||   123
       Reflection        |       |       |     4 ||     4

Table legend: (Time is in decaauts)
 A = Elapsed time spent in this place.
 B = Non-inter-level travel time spent in this place.
 C = Inter-level travel time spent in this place.
 D = Time resting spent in this place.
 E = Time spent auto-exploring this place.
 F = Levels seen in this place.
 G = Mean time per level.
                   A        B        C        D        E       F      G
               +--------+--------+--------+--------+--------+-----+--------+
         Total |   6050 |   6048 |      2 |    261 |   2357 |   9 |  672.2 |
       Dungeon |   6050 |   6048 |      2 |    261 |   2357 |   9 |  672.2 |
               +--------+--------+--------+--------+--------+-----+--------+

Top non-repeatable levels by time:
     D:1: 1191 daAuts
     D:3: 1003 daAuts
     D:5: 970 daAuts
     D:4: 812 daAuts
     D:7: 709 daAuts
     D:2: 607 daAuts
     D:8: 412 daAuts
     D:6: 177 daAuts
     D:9: 166 daAuts
